 Dungeon Crawl Stone Soup version 0.29.1-2-gbd0b4ee654 (webtiles) character file.

Game seed: 13660565661245407534

109 safid the Shooter (level 4, -4/34 (41) HPs)
             Began as a Minotaur Hunter on Nov 30, 2022.
             Slain by Edmund
             ... wielding a +1 flail of draining
              (6 damage)
             ... on level 4 of the Dungeon.
             The game lasted 00:04:58 (1851 turns).

safid the Shooter (Minotaur Hunter)                 Turns: 1851, Time: 00:04:59

HP:   -4/34 (41)    AC:  9    Str: 15    XL:     4   Next: 60%
MP:   3/3           EV: 10    Int:  6    God:
Gold: 171           SH:  0    Dex: 16    Spells: 3/3 levels left

rFire   . . .      SeeInvis .   a - +0 shortbow
rCold   . . .      Faith    .   (shield currently unavailable)
rNeg    . . .      Spirit   .   w - +0 scale mail
rPois   .          Reflect  .   (helmet restricted)
rElec   .          Harm     .   (no cloak)
rCorr   +          Rampage  .   o - +0 pair of gloves
Will    .....                   t - +0 pair of boots
Stlth   ..........              (no amulet)
HPRegen 0.11/turn               g - ring of resist corrosion
MPRegen 0.08/turn               s - ring of flight

@: flying, hasted, heavily drained, very quick
A: horns 2, retaliatory headbutt, shaggy fur 1, subdued magic 1
a: no special abilities


You were on level 4 of the Dungeon.
You visited 1 branch of the dungeon, and saw 4 of its levels.

You collected 171 gold pieces.

Inventory:

Hand Weapons
 a - a +0 shortbow (weapon)
Armour
 o - a +0 pair of gloves (worn)
 t - a +0 pair of boots (worn)
 w - a +0 scale mail (worn)
Jewellery
 g - a ring of resist corrosion (left hand)
 s - a ring of flight (right hand)
Scrolls
 b - a scroll of enchant weapon {unknown}
 c - a scroll of vulnerability {unknown}
 e - a scroll of noise {unknown}
 f - 3 scrolls of teleportation {unknown}
 h - 2 scrolls of identify {unknown}
 m - a scroll of magic mapping {unknown}
 q - a scroll of poison {unknown}
 r - a scroll of blinking {unknown}
 u - a scroll of summoning {unknown}
Potions
 d - 2 potions of curing {unknown}
 i - a potion of berserk rage {unknown}
 j - 2 potions of mutation
 l - 2 potions of lignification {unknown}
 v - a potion of invisibility {unknown}


   Skills:
 + Level 4.5 Fighting
 + Level 5.6 Ranged Weapons
 - Level 2.1 Dodging
 - Level 0.7 Stealth


You had 3 spell levels left.
You didn't know any spells.
Your spell library contained the following spells:

 Spells                   Type           Power      Damage    Failure   Level
 Poisonous Vapours        Pois/Air       0%         N/A       96%         2
 Corpse Rot               Necr/Pois/Air  0%         N/A       100%        4


Dungeon Overview and Level Annotations

Branches:
Dungeon (4/15)
 Temple: D:4-7

Altars:
Ashenzari
Fedhas
Qazlal

Annotations:
D:4 Edmund


Innate Abilities, Weirdness & Mutations

You have a pair of horns on your head.
You reflexively headbutt those who attack you in melee.
You are covered in fur. (AC +1)
Your spells are a little easier to cast, but a little less powerful.


Message History

Edmund barely misses you.
You shoot an arrow. The arrow closely misses Edmund.
The ball python barely misses you. The ball python grabs you.
The ball python constricts you.
The ball python bites you but does no damage.
The ball python constricts you.
Edmund hits you with a +1 flail of draining.
You feel drained.
You shoot an arrow. The arrow hits the ball python.
You kill the ball python!
Edmund hits you with a +1 flail of draining.
You feel drained.
You shoot an arrow. The arrow hits Edmund.
Edmund is moderately wounded.
Edmund misses you. You furiously retaliate!
You headbutt Edmund, but do no damage.
Edmund hits you with a +1 flail of draining!
* * * LOW HITPOINT WARNING * * *
You feel drained.
* * * LOW HITPOINT WARNING * * *
You are too injured to fight recklessly!
You are too injured to fight recklessly!
You are too injured to fight recklessly!
It was a potion of cancellation.
You feel magically purged.
Edmund hits you with a +1 flail of draining.
* * * LOW HITPOINT WARNING * * *
You feel drained.
You are too injured to fight recklessly!
It was a potion of flight.
You feel more buoyant. Edmund closely misses you.
It was a potion of mutation.
You feel extremely strange.
Your connection to magic feels subdued.
Fur sprouts all over your body.
Edmund hits you with a +1 flail of draining.
* * * LOW HITPOINT WARNING * * *
You feel drained.
* * * LOW HITPOINT WARNING * * *
It was a potion of haste.
You feel yourself speed up.
Edmund hits you with a +1 flail of draining.
You die...

...
...
...
#.#
..#
#.#
#†#
#@#
#@#
..#
##.#
#.#
..#
#.#
#.#


You could see Edmund.

Vanquished Creatures
  A gnoll (D:1)
  3 adders
  2 orcs (D:3)
  10 bats
  8 endoplasms
  3 giant cockroaches
  9 goblins
  5 hobgoblins
  4 jackals (D:1)
  A quokka (D:1)
  7 ball pythons
  6 frilled lizards
  3 kobolds
  6 rats
68 creatures vanquished.

Notes
Turn   | Place    | Note
-------+----------+-------------------------------------------
     0 | D:1      | safid the Minotaur Hunter began the quest for the Orb.
     0 | D:1      | Reached XP level 1. HP: 18/18 MP: 0/0
    97 | D:1      | Reached XP level 2. HP: 25/25 MP: 1/1
   269 | D:1      | Reached skill level 5 in Ranged Weapons
   269 | D:1      | Reached XP level 3. HP: 23/31 MP: 2/2
   833 | D:2      | Reached XP level 4. HP: 28/40 MP: 3/3
  1242 | D:3      | Found a stormy altar of Qazlal.
  1451 | D:3      | Found a faded altar of an unknown god.
  1511 | D:3      | Found a blossoming altar of Fedhas.
  1573 | D:3      | Found a broken altar of Ashenzari.
  1842 | D:4      | Noticed Edmund
  1850 | D:4      | Gained mutation: Your spells are a little easier to cast,
                  | but a little less powerful. [potion of mutation]
  1850 | D:4      | Gained mutation: You are covered in fur. (AC +1) [potion of
                  | mutation]
  1851 | D:4      | Slain by Edmund

Illustrated notes

Levels and vault maps discovered:
D:1:      wander_arrival_estate, layout_rooms
D:2:      layout_basic
D:3:      layout_rooms, nicolae_qazlal_general_emergency,
          mainiacjoe_overflow_catch_the_wave,
          shapermc_ecumenical_altar_mp_ritualfount, kennysheep_generic_room_9
D:4:      minmay_diamond_boxcup, layout_loops_ring,
          cheibrodos_sewer_entry_drain, amcnicky_mini_rare_corridor_liquid,
          uniq_ijyb, uniq_pikel, uniq_natasha, uniq_blork_the_orc, uniq_edmund

Skill      XL: |  1  2  3 |
---------------+----------+-----
Fighting       | 3 4 |  4.5
Ranged Weapons | 5 |  5.6
Dodging        | |  2.1
Stealth        | |  0.7

Action                   |  1- 3 |  4- 6 || total
-------------------------+-------+-------++-------
 Fire: Shortbow          |   103 |    64 ||   167
  Use: Potion            |       |     4 ||     4
Armor: Leather armour    |     4 |       ||     4
       Scale mail        |       |    10 ||    10
Dodge: Dodged            |    27 |    10 ||    37
